 Dungeon Crawl Stone Soup version 0.18.1-50-g88ac8fd (webtiles) character file.

8 cedor the Digger (level 2, -5/19 HPs)
             Began as a Demonspawn Earth Elementalist on Oct 18, 2016.
             Slain by a worm (10 damage)
             ... on level 3 of the Dungeon.
             The game lasted 00:02:15 (279 turns).

cedor the Digger (Demonspawn Earth Elementalist)     Turns: 279, Time: 00:02:16

Health: -5/19      AC:  2    Str:  8    XL:     2   Next: 0%
Magic:  5/5        EV: 12    Int: 16    God:
Gold:   12         SH:  0    Dex: 13    Spells: 1 memorised, 4 levels left

rFire  . . .     SeeInvis .     (no weapon)
rCold  + . .     Gourm    .     a - +0 robe
rNeg   . . .     Faith    .     (no shield)
rPois  .         Spirit   .     (no helmet)
rElec  .         Dismiss  .     (no cloak)
rCorr  .         Reflect  .     (no gloves)
SustAt .         Harm     .     (no boots)
MR     .....                    (no amulet)
Stlth  ++........               (no ring)
                                (no ring)

@: not resistant to hostile enchantments, unstealthy
A: cold resistance 1
a: no special abilities


You were on level 3 of the Dungeon.
You were not hungry.

You visited 1 branch of the dungeon, and saw 3 of its levels.

You collected 12 gold pieces.


Innate Abilities, Weirdness & Mutations

Your flesh is cold resistant.


   Skills:
 + Level 2.0 Dodging
 + Level 2.0 Stealth
 + Level 2.0 Spellcasting
   Level 0.8 Transmutations
 + Level 2.9 Earth Magic


You had 4 spell levels left.
You knew the following spells:

 Your Spells              Type           Power        Failure   Level  Hunger
z - Sandblast             Erth           ##....       10%         1    #......

Inventory:

Missiles
 b - 19 stones (quivered)
 i - 21 sling bullets
Armour
 a - a +0 robe (worn)
Scrolls
 e - a scroll of identify {unknown}
Potions
 h - a potion of mutation {unknown}
Books
 c - a book of Geomancy

   Spells                             Type                      Level
   a - Sandblast                      Earth                        1
   b - Passwall                       Transmutation/Earth          2
   c - Stone Arrow                    Conjuration/Earth            3
   d - Petrify                        Transmutation/Earth          4
   e - Lee's Rapid Deconstruction     Earth                        5
Comestibles
 d - a bread ration
 f - a slice of pizza
 g - a meat ration

Dungeon Overview and Level Annotations

Branches:
Dungeon (3/15)

Altars:
Vehumet

▒▒▒▒▒ ▒..<▒
▒...▒ .. ▒...▒
▒... .▒▒
▒▒...▒▒.....
.....▒▒.......▒
......o6...▒
...o..▒.w..▒
..... ▒........
▒▒..
▒.....▒▒... ...
£....▒... ▒..
.. .......(..(
. .
...▒▒▒▒▒..... ▒
▒.. .....▒ .▒ .


You could see a worm and 2 orcs.


Message History

You see here 8 gold pieces.
You hit the rat.
The rat is severely wounded.
The rat bites you but does no damage.
You hit the rat.
You kill the rat!
You have reached level 2!
Your demonic ancestry asserts itself...
You feel resistant to cold.
You enter a teleport trap!
The teleport trap disappears.
Your surroundings suddenly seem different.
A worm and 2 orcs come into view.
Found 6 gold pieces and 34 sling bullets.
Found a stone staircase leading up.
The orc closely misses you.
Found 26 sling bullets.
You hit the orc.
The orc is lightly wounded.
The orc hits you with a dagger. The worm bites you.
* * * LOW HITPOINT WARNING * * *
You barely miss the orc.
The orc is lightly wounded.
The orc hits you with a dagger.
* * * LOW HITPOINT WARNING * * *
You hit the orc but do no damage.
The orc is lightly wounded.
The orc hits you but does no damage. The worm bites you!
Ouch! That really hurt!
You die...

Action                   || total
-------------------------++-------
Melee: Unarmed           ||    28
 Cast: Sandblast         ||    12
 Stab: Sleeping          ||     1
Armor: Robe              ||    24
Dodge: Dodged            ||    48

Vault maps used:
D:1:      enne_arrival_octagon_isle, grunt_decor_cap, minivault_5
D:2:      lemuel_crystal_altar, minivault_24
D:3:      nemelex_altar_shiori, lemuel_coloured_pillars_altar,
          gammafunk_temple_overflow_pools, gup_sewer_entry_pipe

Notes
Turn   | Place    | Note
--------------------------------------------------------------
     0 | D:1      | cedor the Demonspawn Earth Elementalist began the quest for the Orb.
     0 | D:1      | Reached XP level 1. HP: 13/13 MP: 3/3
   239 | D:1      | Reached skill level 2 in Dodging
   249 | D:2      | Found a radiant altar of Vehumet.
   259 | D:2      | Reached skill level 2 in Stealth
   272 | D:3      | Gained mutation: Your flesh is cold resistant. [demonic ancestry]
   272 | D:3      | Reached XP level 2. HP: 15/19 MP: 5/5
   279 | D:3      | Slain by a worm

Vanquished Creatures
  A giant cockroach (D:1)
  2 goblins
  2 hobgoblins (D:1)
  2 rats
7 creatures vanquished.
